 Dungeon Crawl Stone Soup version 0.29.0-11-gd7f09526c8 (webtiles) character file.

Game seed: 11805889076973877228

84 sanka the Insei (level 4, -1/34 HPs)
             Began as a Demigod Arcane Marksman on Sept 6, 2022.
             Slain by an orc priest
             ... wielding a +0 short sword
              (3 damage)
             ... on level 3 of the Dungeon.
             The game lasted 00:02:19 (2247 turns).

sanka the Insei (Demigod Arcane Marksman)           Turns: 2247, Time: 00:02:20

Health: -1/34      AC:  2    Str: 11    XL:     4   Next: 3%
Magic:  8/8        EV: 12    Int: 19    God:
Gold:   137        SH:  0    Dex: 14    Spells: 4/5 levels left

rFire   . . .      SeeInvis .   b - +2 dagger (elec)
rCold   . . .      Faith    .   (no shield)
rNeg    . . .      Spirit   .   c - +0 robe
rPois   .          Reflect  .   (no helmet)
rElec   .          Harm     .   (no cloak)
rCorr   .          Rampage  .   (no gloves)
Will    .....                   (no boots)
Stlth   +.........              (no amulet)
HPRegen 0.11/turn               (no ring)
MPRegen 0.11/turn               (no ring)

@: no status effects
A: high MP 1, forlorn, divine attributes
a: no special abilities


You were on level 3 of the Dungeon.
You visited 1 branch of the dungeon, and saw 3 of its levels.

You collected 137 gold pieces.


Innate Abilities, Weirdness & Mutations

You have an increased reservoir of magic. (+10% MP)
You shall have no god before yourself.
Your divine heritage dramatically boosts your attributes as you level up.


   Skills:
 - Level 0.8 Fighting
 - Level 1.7 Ranged Weapons
 - Level 1.7 Dodging
 + Level 3.5 Unarmed Combat
 - Level 1.0 Spellcasting
 - Level 2.6 Hexes


You had 4 spell levels left.
You knew the following spells:

 Your Spells              Type           Power      Damage    Failure   Level
z - Slow                  Hex            44%        N/A       6%          1

Your spell library contained the following spells:

 Spells                   Type           Power      Damage    Failure   Level
 Sting                    Tmut/Pois      0%         1d3       19%         1
 Poisonous Vapours        Pois/Air       0%         N/A       28%         2
 Inner Flame              Hex/Fire       6%         N/A       32%         3
 Portal Projectile        Hex/Tloc       12%        N/A       32%         3
 Cause Fear               Hex            5%         N/A       52%         4
 Olgreb's Toxic Radiance  Pois           0%         N/A       88%         4

Inventory:

Hand Weapons
 a - a +1 sling
 b - a +2 dagger of electrocution (weapon)
 o - a +2 short sword of speed
Armour
 c - a +0 robe (worn)
Jewellery
 e - a ring of wizardry
Scrolls
 d - 4 scrolls of teleportation {unknown}
 i - 6 scrolls of identify {unknown}
 j - a scroll of poison {!r}
 m - a scroll of fog {unknown}
 n - a scroll of fear {unknown}
Potions
 f - 3 potions of curing {unknown}
 g - a potion of mutation {unknown}
 h - a potion of flight {unknown}
 k - a potion of heal wounds {unknown}
 l - a potion of degeneration {unknown}

Dungeon Overview and Level Annotations

Branches:
Dungeon (3/15)

▒▒▒ ▒▒.▒ ▒▒..▒
▒...▒ ▒.▒.▒ .
▒▒▒.▒.▒▒▒▒▒o..
▒...▒p▒..oo...
▒.▒▒.oo.▒
▒.▒▒..▒▒▒
▒.▒...▒
▒▒▒...▒.▒
▒▒▒▒▒▒▒▒....▒▒.▒
▒......>...▒▒▒.▒
▒..........▒ ▒.▒
▒..........▒ ▒.▒


You could see an orc priest and an orc.


Message History

The orc priest is severely wounded.
The orc hits you with a +0 dagger. The orc priest misses you.
The orc priest casts a cantrip, but nothing happens.
You closely miss the orc priest.
The orc priest is severely wounded.
The orc barely misses you.
The orc priest invokes the aid of Beogh against you.
Pain shoots through your body!
* * * LOW HITPOINT WARNING * * *
You barely miss the orc priest.
The orc priest is severely wounded.
Unknown command.
You hit the orc priest.
The orc priest is almost dead.
The orc priest invokes the aid of Beogh against you.
Beogh smites you!
* * * LOW HITPOINT WARNING * * *
The orc priest barely misses you.
Unknown command.
You hit the orc priest.
You kill the orc priest!
The orc hits you with a +0 dagger.
* * * LOW HITPOINT WARNING * * *
You have reached level 4!
You closely miss the orc priest.
The orc priest is lightly wounded.
The orc barely misses you.
The orc priest hits you with a +0 short sword.
You die...

Action                   |  1- 3 |  4- 6 || total
-------------------------+-------+-------++-------
Melee: Short sword       |     5 |       ||     5
       Dagger            |    18 |     1 ||    19
 Fire: Sling             |    94 |       ||    94
Armor: Robe              |     8 |       ||     8
Dodge: Dodged            |    38 |     1 ||    39

Levels and vault maps discovered:
D:1:      dpeg_arrival_castle, layout_loops_ring, serial_co_window_serial,
          co_window_corner_a, co_window_paths_b, co_window_paths_a,
          co_window_of_opportunity_a, co_window_paths_a,
          co_window_of_opportunity_a, co_window_paths_b,
          co_window_of_opportunity_a, co_window_paths_a, co_window_corner_b,
          co_window_corner_b, co_window_2corner, co_window_of_opportunity_b,
          co_window_paths_e, glass_columns_b, glass_columns_a, glass_columns_b,
          glass_columns_c, glass_columns_c
D:2:      layout_rooms, hellmonk_ecumenical_altar_lost_god
D:3:      layout_rooms, lemuel_doored_altar, minmay_misc_feat_square,
          minmay_cupped

Notes
Turn   | Place    | Note
-------+----------+-------------------------------------------
     0 | D:1      | sanka the Demigod Arcane Marksman began the quest for the
                  | Orb.
     0 | D:1      | Reached XP level 1. HP: 15/15 MP: 4/4
   360 | D:1      | Reached skill level 1 in Unarmed Combat
   500 | D:1      | Reached XP level 2. HP: 9/22 MP: 5/5
   809 | D:1      | Reached skill level 2 in Unarmed Combat
  1675 | D:2      | Reached XP level 3. HP: 27/27 MP: 6/6
  1962 | D:3      | Reached skill level 3 in Unarmed Combat
  2245 | D:3      | HP: 2/27 [orc priest/divine providence (11)]
  2247 | D:3      | Reached XP level 4. HP: 2/34 MP: 8/8
  2247 | D:3      | Slain by an orc priest

Vanquished Creatures
  An orc priest (D:3)
  An adder (D:3)
  2 worms (D:2)
  A dart slug (D:1)
  4 ball pythons
  5 bats
  2 endoplasms (D:1)
  3 giant cockroaches
  5 goblins
  A hobgoblin (D:1)
  2 quokkas
  5 frilled lizards
  3 kobolds
  2 rats
37 creatures vanquished.
